 Seeded DCSS version 0.30-a0-42-g806c11bf1d (webtiles) character file.

Game seed: 20220830 (custom seed)

668 purpskrrrp the Shield-Bearer (level 7, -3/68 HPs)
             Began as a Troll Fighter on Aug 30, 2022.
             Was an Initiate of Nemelex Xobeh.
             Slain by a vampire (12 damage)
             ... on level 5 of the Dungeon.
             The game lasted 00:07:28 (3330 turns).

purpskrrrp the Shield-Bearer (Troll Fighter)        Turns: 3330, Time: 00:07:29

Health: -3/68      AC:  5    Str: 27    XL:     7   Next: 32%
Magic:  6/6        EV:  9    Int: 10    God:    Nemelex Xobeh [......]
Gold:   136        SH:  9    Dex:  9    Spells: 6/6 levels left

rFire   . . .      SeeInvis .      - Unarmed
rCold   . . .      Faith    .    b - +1 kite shield
rNeg    . . .      Spirit   .    a - +0 robe
rPois   .          Reflect  .    (helmet restricted)
rElec   .          Harm     .    q - +0 cloak
rCorr   .          Rampage  .    (gloves unavailable)
Will    +....                    (boots unavailable)
Stlth   +.........               (no amulet)
HPRegen 1.01/turn                f - ring of willpower
MPRegen 0.10/turn                s - +6 ring of intelligence

@: mighty, hasted, very quick
A: large, unfitting armour, claws 3, regeneration 1, shaggy fur 1, tough skin 1
a: Renounce Religion, Draw Escape, Draw Destruction, Draw Summoning


You were on level 5 of the Dungeon.
You worshipped Nemelex Xobeh.
Nemelex Xobeh was noncommittal.
You visited 2 branches of the dungeon, and saw 6 of its levels.

You collected 136 gold pieces.

Inventory:

Missiles
 o - 17 poisoned darts (quivered)
Armour
 a - a +0 robe (worn)
 b - a +1 kite shield (worn)
 q - a +0 cloak (worn)
Jewellery
 f - a ring of willpower (left claw)
 s - a +6 ring of intelligence (right claw)
Wands
 l - a wand of mindburst (11)
 m - a wand of flame (29)
Scrolls
 d - a scroll of teleportation
 h - 2 scrolls of summoning
Potions
 c - 2 potions of might
 g - a potion of mutation {unknown}
 i - a potion of berserk rage {unknown}
 j - a potion of cancellation {unknown}
 n - 2 potions of curing
 p - a potion of heal wounds {unknown}
 r - a potion of degeneration {unknown}
 t - 2 potions of attraction {unknown}


   Skills:
 + Level 3.6 Fighting
 + Level 3.6 Dodging
 * Level 5.0 Shields
 * Level 4.9 Unarmed Combat


You had 6 spell levels left.
You didn't know any spells.
Your spell library contained the following spells:

 Spells                   Type           Power      Damage    Failure   Level
 Apportation              Tloc           0%         N/A       63%         1
 Magic Dart               Conj           0%         1d3       63%         1
 Call Imp                 Summ           0%         N/A       77%         2
 Ensorcelled Hibernation  Hex/Ice        0%         N/A       77%         2
 Passwall                 Tmut/Erth      0%         N/A       77%         2
 Inner Flame              Hex/Fire       0%         N/A       94%         3
 Mephitic Cloud           Conj/Pois/Air  0%         N/A       94%         3
 Swiftness                Air            0%         N/A       94%         3
 Tukima's Dance           Hex            0%         N/A       94%         3
 Airstrike                Air            0%         2d(0-16)  100%        4
 Cause Fear               Hex            0%         N/A       100%        4
 Passage of Golubria      Tloc           0%         N/A       100%        4
 Summon Lightning Spire   Summ/Air       0%         N/A       100%        4
 Alistair's Intoxication  Tmut/Pois      0%         N/A       100%        5
 Lightning Bolt           Conj/Air       0%         1d11      100%        5
 Yara's Violent Unravell  Hex/Tmut       0%         3d3       100%        5
 Discord                  Hex            0%         N/A       100%        8


Dungeon Overview and Level Annotations

Branches:
Dungeon (5/15)             Temple (1/1) D:4

Altars:
Ashenzari
Dithmenos
Hepliaklqana
Nemelex Xobeh
Qazlal
Trog
Uskayaw
Vehumet
Xom
Yredelemnul
Zin
The Shining One

Shops:
D:1 :=*   D:3 (


Innate Abilities, Weirdness & Mutations

You are too large for most types of armour.
You have claws for hands.
Your natural rate of healing is unusually fast.
You are covered in fur. (AC +1)
You have tough skin. (AC +1)


Message History

You are too injured to fight recklessly!
You are too injured to fight recklessly!
You are too injured to fight recklessly!
You are too injured to fight recklessly!
You are too injured to fight recklessly!
You are too injured to fight recklessly!
You are too injured to fight recklessly!
You are too injured to fight recklessly!
You are too injured to fight recklessly!
You are too injured to fight recklessly!
You are too injured to fight recklessly!
You scratch the vampire.
The vampire is heavily damaged.
The vampire barely misses you. x2; You block the quokka's attack.
You scratch the vampire but do no damage.
The vampire is heavily damaged.
The quokka bites you but does no damage.
The vampire hits you! The vampire barely misses you.
You barely miss the vampire.
The vampire is heavily damaged.
You block the quokka's attack. The vampire misses you. The vampire bites you!
* * * LOW HITPOINT WARNING * * *
The vampire draws strength from your injuries!
You barely miss the vampire.
The vampire is moderately damaged.
The quokka bites you but does no damage.
The vampire casts a spell.
The vampire flickers and vanishes!
Deactivating autopickup; reactivate with Ctrl-A.
You block the quokka's attack.
You feel very mighty all of a sudden. Something hits you but does no damage.
Something bites you.
* * * LOW HITPOINT WARNING * * *
Something draws strength from your injuries!
You block the quokka's attack.
You feel yourself speed up. Something hits you.
* * * LOW HITPOINT WARNING * * *
Something bites you!
You die...
Your body disappears without a glow.

.### # #.#. #.#
#...###.#.#
#...#.#...###
#.#.###.###...#
..#⌠..!⌠#...
###.....###
#...@r...?#
###${...###
..#⌠...⌠#...
#.#.###?###....
#...#?#.....#
..#..###....##
...... #+##
#..##.


You could see a quokka.

Vanquished Creatures
  Sigmund (D:3)
  A kobold brigand (D:4)
  A howler monkey (D:4)
  A hound (D:4)
  A jelly (D:5)
  An orc priest (D:4)
  Jessica (D:3)
  Natasha (thrice) (D:3)
  2 orc wizards (D:4)
  Robin (D:3)
  9 adders
  A worm (D:3)
  2 dart slugs
  4 orcs
  5 endoplasms
  3 giant cockroaches
  11 goblins
  6 hobgoblins
  3 kobolds
  4 quokkas
  5 ball pythons
  5 bats
  7 frilled lizards
  A rat (D:1)
79 creatures vanquished.

Notes
Turn   | Place    | Note
-------+----------+-------------------------------------------
     0 | D:1      | purpskrrrp the Troll Fighter began the quest for the Orb.
     0 | D:1      | Reached XP level 1. HP: 22/22 MP: 0/0
    22 | D:1      | Found Xevvepiy's Book Boutique.
    49 | D:1      | Noticed a floating eye
    52 | D:1      | Found a faded altar of an unknown god.
    54 | D:1      | Noticed an eye of devastation
    54 | D:1      | Noticed a golden eye
    54 | D:1      | Noticed a golden eye
   227 | D:1      | Found Mirhois's Assorted Antiques.
   306 | D:1      | Reached XP level 2. HP: 29/29 MP: 1/1
   320 | D:1      | Found Voileda's Jewellery Emporium.
   490 | D:1      | Reached skill level 3 in Shields
   919 | D:2      | Reached XP level 3. HP: 28/36 MP: 2/2
  1654 | D:3      | Found Falube's Weapon Shoppe.
  1657 | D:3      | Noticed Natasha
  1669 | D:3      | Killed Natasha
  1670 | D:3      | Reached XP level 4. HP: 25/44 MP: 3/3
  1716 | D:3      | Noticed Robin
  1728 | D:3      | Killed Robin
  1813 | D:3      | Noticed Jessica
  1819 | D:3      | Killed Jessica
  1820 | D:3      | Reached XP level 5. HP: 53/53 MP: 4/4
  1866 | D:3      | Noticed Natasha
  1870 | D:3      | Killed Natasha
  1900 | D:3      | Noticed Natasha
  1910 | D:3      | Killed Natasha
  1940 | D:3      | Reached skill level 4 in Shields
  2123 | D:3      | Noticed Sigmund
  2128 | D:3      | Killed Sigmund
  2129 | D:3      | Reached XP level 6. HP: 56/61 MP: 5/5
  2655 | D:4      | Reached XP level 7. HP: 67/67 MP: 6/6
  2754 | D:4      | Found a staircase to the Ecumenical Temple.
  3046 | Temple   | Entered the Ecumenical Temple
  3287 | Temple   | Became a worshipper of Nemelex Xobeh the Trickster
  3316 | D:5      | Entered Level 5 of the Dungeon
  3316 | D:5      | Noticed a vampire
  3320 | D:5      | Reached skill level 5 in Shields
  3330 | D:5      | Slain by a vampire

Illustrated notes

Levels and vault maps discovered:
D:1:      beargit_arrival_greenhouse, layout_loops_cross, serial_shops,
          shop_fountains, shop, nicolae_shop_waterfront,
          hellmonk_ecumenical_altar_watching_god
D:2:      layout_basic, hex_intersection
D:3:      layout_loops_ring, serial_shops, nicolae_shop_statue_plus,
          item_on_display_a, uniq_jessica, uniq_robin, uniq_natasha,
          uniq_sigmund
D:4:      layout_cave_pools, minmay_temple_entry_grid
D:5:      due_chaos_kobolds, layout_loops_corners, minmay_misc_feat_enclosed,
          nicolae_fountain_basement
Temple:   nicolae_temple_bog_church

Skill      XL: |  1  2  3  4  5  6  7 |
---------------+----------------------+-----
Shields        | 3 4 5 |  5.0
Unarmed Combat | 3 4 |  4.9
Fighting       | 3 |  3.6
Dodging        | 3 |  3.6

Action                   |  1- 3 |  4- 6 |  7- 9 || total
-------------------------+-------+-------+-------++-------
Melee: Unarmed           |   121 |    96 |    39 ||   256
  Use: Scroll            |     7 |     1 |     3 ||    11
       Potion            |       |       |     2 ||     2
 Stab: Sleeping          |       |       |     1 ||     1
Armor: Robe              |    35 |    24 |    19 ||    78
Dodge: Dodged            |    48 |    35 |    17 ||   100
Block: Kite shield       |    48 |    29 |    17 ||    94

Table legend: (Time is in decaauts)
 A = Elapsed time spent in this place.
 B = Non-inter-level travel time spent in this place.
 C = Inter-level travel time spent in this place.
 D = Time resting spent in this place.
 E = Time spent auto-exploring this place.
 F = Levels seen in this place.
 G = Mean time per level.
                   A        B        C        D        E       F      G
               +--------+--------+--------+--------+--------+-----+--------+
         Total |   3351 |   3148 |    203 |     36 |   2427 |   6 |  558.5 |
       Dungeon |   3097 |   2973 |    124 |     36 |   2271 |   5 |  619.4 |
        Temple |    254 |    175 |     79 |      0 |    156 |   1 |  254.0 |
               +--------+--------+--------+--------+--------+-----+--------+

Top non-repeatable levels by time:
     D:2: 1020 daAuts
     D:3: 902 daAuts
     D:1: 593 daAuts
     D:4: 567 daAuts
  Temple: 254 daAuts
     D:5: 14 daAuts
